 Dungeon Crawl Stone Soup version 0.31-a0-152-g6aa68a64a1 (webtiles) character file.

Game seed: 16168950018364354399

126 qw the Shooter (level 5, 0/49 HPs)
             Began as a Naga Hunter on June 9, 2023.
             Slain by a gnoll
             ... wielding a +0 flail
              (4 damage)
             ... on level 3 of the Dungeon.
             The game lasted 00:00:39 (2127 turns).

qw the Shooter (Naga Hunter)                        Turns: 2127, Time: 00:00:39

Health: 0/49       AC:  3    Str: 13    XL:     5   Next: 9%
Magic:  5/5        EV:  9    Int:  9    God:
Gold:   141        SH:  0    Dex: 17    Spells: 4/4 levels left

rFire   . . .        Y - +0 shortbow
rCold   . . .        (shield currently unavailable)
rNeg    . . .        c - +0 leather armour
rPois   +            (no helmet)
rElec   .            (no cloak)
rCorr   .            (no gloves)
SInv    +            (no barding)
Will    .....        (no amulet)
Stlth   ++           (no ring)
HPRegen 0.28/turn    (no ring)
MPRegen 0.09/turn

%: no passive effects
@: short of breath, very slow
A: AC +1, large, see invisible, deformed body, poison resistance, slowness 2,
spit poison 1, naga tail 1
a: Spit Poison


You were on level 3 of the Dungeon.
You visited 1 branch of the dungeon, and saw 3 of its levels.

You collected 141 gold pieces.


Innate Abilities, Weirdness & Mutations

Your serpentine skin is tough. (AC +1)
You have supernaturally acute eyesight. (SInv)
Armour fits poorly on your strangely shaped body.
Your system is resistant to poisons. (rPois)
You cover ground very slowly.
You can spit poison.
You have a snake-like lower body.


   Skills:
 - Level 3.1 Fighting
 + Level 5.2 Ranged Weapons
 - Level 1.5 Dodging
 - Level 1.5 Stealth


You had 4 spell levels left.
You didn't know any spells.
Your spell library was empty.

Inventory:

Hand Weapons
 Y - a +0 shortbow (weapon)
Armour
 c - a +0 leather armour (worn)
Potions
 a - a potion of curing {unknown}
 d - a potion of mutation {unknown}
 e - a potion of invisibility {unknown}
 f - a potion of degeneration {unknown}
 g - a potion of heal wounds {unknown}
 h - a potion of enlightenment {unknown}

Dungeon Overview and Level Annotations

Branches:
Dungeon (3/15)

Altars:
Elyvilon


Message History

You kill the gnoll!
You have got your breath back.
The gnoll hits you with a +0 flail.
Your Fighting skill increases to level 3!
You have reached level 5!
2119 ||| INVOKING Spit Poison.
Aiming: Spit Poison (1% risk of failure)
Press: ? - help, Shift-Dir - straight line, f - gnoll The splash of poison hits the gnoll.
The gnoll is heavily wounded.
The gnoll hits you with a +0 flail!
You shoot an arrow. The arrow barely misses the gnoll.
The gnoll barely misses you. The gnoll closely misses you. x2
You shoot an arrow. The arrow hits the gnoll.
The gnoll is severely wounded.
The gnoll hits you with a +0 flail! The gnoll barely misses you.
You shoot an arrow.
The arrow hits the gnoll but does no damage.
The gnoll is severely wounded.
The gnoll hits you with a +0 flail! The gnoll barely misses you.
You shoot an arrow. The arrow hits the gnoll.
The gnoll is severely wounded.
The gnoll hits you with a +0 flail. The gnoll barely misses you.
You shoot an arrow.
The arrow hits the gnoll but does no damage.
The gnoll is severely wounded.
You have got your breath back.
The gnoll hits you with a +0 flail. x3
2125 ||| INVOKING Spit Poison.
Aiming: Spit Poison (1% risk of failure)
Press: ? - help, Shift-Dir - straight line, f/p - gnoll The splash of poison hits the gnoll!
The gnoll is poisoned.
You kill the gnoll!
The gnoll barely misses you.
You shoot an arrow. The arrow closely misses the gnoll.
The gnoll closely misses you.
You shoot an arrow. The arrow hits the gnoll.
The gnoll is lightly wounded.
The gnoll hits you with a +0 flail.
You die...

.# . #####. ##### # ....
######...# #>. ...
.........# #...# #.#
#########....
#....<#)####.........#..
#...g@..).^...........
....#.#.####.#######.###
. #...#....#######.###
..#####.#####....#....
.................#....
#................##...
#'#####...............
#..#.##+~~~#..#.
#.~...#..~##..#.


You could see a gnoll.

Vanquished Creatures
  4 adders (D:2)
  3 gnolls (D:3)
  4 dart slugs (D:2)
  2 ball pythons
  4 bats
  8 endoplasms
  4 giant cockroaches
  5 goblins
  3 hobgoblins
  2 jackals (D:2)
  A quokka (D:2)
  4 frilled lizards
  7 kobolds
51 creatures vanquished.

Notes
Turn   | Place    | Note
-------+----------+-------------------------------------------
     0 | D:1      | qw the Naga Hunter began the quest for the Orb.
     0 | D:1      | Reached XP level 1. HP: 19/19 MP: 1/1
     0 | D:1      | 0 ||| qw: Version: 0.2-a-122-gbc61b45
     0 | D:1      | 0 ||| qw: Game counter: 3258
     0 | D:1      | 0 ||| qw: Always use a shield: true
     0 | D:1      | 0 ||| qw: God list: Okawaru
     0 | D:1      | 0 ||| qw: Allow faded altars: false
     0 | D:1      | 0 ||| qw: Do Orc after D:15 true
     0 | D:1      | 0 ||| qw: Do second Lair branch before Depths: true
     0 | D:1      | 0 ||| qw: Lair rune preference: random
     0 | D:1      | 0 ||| qw: Plans: Normal
     0 | D:1      | 0 ||| PLANNING D:1-11
    29 | D:1      | 29 ||| INVOKING Spit Poison.
    76 | D:1      | 76 ||| INVOKING Spit Poison.
   115 | D:1      | 115 ||| INVOKING Spit Poison.
   147 | D:1      | 147 ||| INVOKING Spit Poison.
   148 | D:1      | Reached skill level 4 in Ranged Weapons
   148 | D:1      | Reached XP level 2. HP: 26/26 MP: 2/2
   258 | D:1      | 258 ||| INVOKING Spit Poison.
   261 | D:1      | 261 ||| INVOKING Spit Poison.
   292 | D:1      | 292 ||| INVOKING Spit Poison.
   293 | D:1      | Found a faded altar of an unknown god.
   382 | D:1      | 382 ||| INVOKING Spit Poison.
   487 | D:1      | 487 ||| INVOKING Spit Poison.
   540 | D:1      | 540 ||| INVOKING Spit Poison.
   578 | D:1      | 578 ||| INVOKING Spit Poison.
   663 | D:1      | 663 ||| INVOKING Spit Poison.
   841 | D:1      | Reached XP level 3. HP: 32/32 MP: 3/3
   856 | D:1      | 856 ||| READING scroll labelled NODORUXTOU.
   857 | D:1      | 857 ||| READING scroll labelled NAOMECK GOLILU.
   858 | D:1      | 858 ||| DROPPING scroll of butterflies.
   882 | D:2      | 882 ||| INVOKING Spit Poison.
   886 | D:2      | 886 ||| INVOKING Spit Poison.
   898 | D:2      | Found a white marble altar of Elyvilon.
   914 | D:2      | 914 ||| INVOKING Spit Poison.
   919 | D:2      | 919 ||| INVOKING Spit Poison.
   923 | D:2      | 923 ||| INVOKING Spit Poison.
   964 | D:2      | 964 ||| INVOKING Spit Poison.
  1007 | D:2      | 1007 ||| INVOKING Spit Poison.
  1077 | D:2      | 1077 ||| INVOKING Spit Poison.
  1237 | D:2      | 1237 ||| INVOKING Spit Poison.
  1241 | D:2      | 1241 ||| INVOKING Spit Poison.
  1259 | D:2      | 1259 ||| INVOKING Spit Poison.
  1262 | D:2      | 1262 ||| INVOKING Spit Poison.
  1263 | D:2      | Reached skill level 5 in Ranged Weapons
  1263 | D:2      | Reached XP level 4. HP: 39/39 MP: 4/4
  1271 | D:2      | 1271 ||| INVOKING Spit Poison.
  1338 | D:2      | 1338 ||| INVOKING Spit Poison.
  1343 | D:2      | 1343 ||| INVOKING Spit Poison.
  1344 | D:2      | 1344 ||| INVOKING Spit Poison.
  1424 | D:2      | 1424 ||| INVOKING Spit Poison.
  1460 | D:2      | 1460 ||| INVOKING Spit Poison.
  1492 | D:2      | 1492 ||| INVOKING Spit Poison.
  1603 | D:2      | 1603 ||| INVOKING Spit Poison.
  1606 | D:2      | 1606 ||| INVOKING Spit Poison.
  1700 | D:2      | 1700 ||| DROPPING ring of flight.
  1701 | D:2      | 1701 ||| READING scroll labelled CEEBYRH PUTEAN.
  1702 | D:2      | 1702 ||| READING 2 scrolls labelled YWNEAH LOUZA.
  1703 | D:2      | 1703 ||| DRINKING 2 coppery potions.
  1704 | D:2      | 1704 ||| DROPPING potion of attraction.
  1705 | D:2      | 1705 ||| DROPPING scroll of magic mapping.
  1814 | D:3      | 1814 ||| INVOKING Spit Poison.
  2087 | D:3      | 2087 ||| INVOKING Spit Poison.
  2106 | D:3      | 2106 ||| INVOKING Spit Poison.
  2114 | D:3      | 2114 ||| INVOKING Spit Poison.
  2119 | D:3      | Reached skill level 3 in Fighting
  2119 | D:3      | Reached XP level 5. HP: 42/49 MP: 5/5
  2119 | D:3      | 2119 ||| INVOKING Spit Poison.
  2124 | D:3      | HP: 7/49 [gnoll/+0 flail (6)]
  2124 | D:3      | HP: 3/49 [gnoll/+0 flail (4)]
  2125 | D:3      | 2125 ||| INVOKING Spit Poison.
  2127 | D:3      | Slain by a gnoll

Levels and vault maps discovered:
D:1:      minmay_arrival_four_circles, layout_loops_corners,
          shapermc_ecumenical_altar_mp_highgroup
D:2:      layout_loops_cross, basic_altar, nicolae_elevator_lobby_asterisk
D:3:      layout_basic, serial_rivers, chequers_serial_rivers_small_a,
          chequers_serial_rivers_micro_c, chequers_serial_rivers_small_b,
          chequers_serial_rivers_room_b, chequers_serial_rivers_micro_a,
          chequers_serial_rivers_small_b, minmay_diced_spiral

Skill      XL: |  1  2  3  4 |
---------------+-------------+-----
Ranged Weapons | 4 5 |  5.2
Fighting       | 3 |  3.1
Dodging        | |  1.5
Stealth        | |  1.5

Action                     |  1- 3 |  4- 6 || total
---------------------------+-------+-------++-------
   Fire: Shortbow          |    65 |    34 ||    99
Ability: Spit Poison       |    24 |    14 ||    38
    Use: Scroll            |     2 |     2 ||     4
         Potion            |       |     1 ||     1
 Armour: Leather armour    |     7 |     3 ||    10
  Dodge: Dodged            |    17 |    14 ||    31

Table legend:
 A = Non-vault XP
 B = Vault XP
 C = Vault XP percentage of total XP
 D = Non-vault monster count
 E = Vault monster count
 F = Vault count percentage of total count
                 A         B        C        D         E       F
            +---------+---------+-------+---------+---------+-------
      Total |     180 |       0 |   0.0 |      51 |       0 |   0.0
            +---------+---------+-------+---------+---------+-------
        D:1 |      35 |       0 |   0.0 |      20 |       0 |   0.0
        D:2 |      96 |       0 |   0.0 |      23 |       0 |   0.0
        D:3 |      49 |       0 |   0.0 |       8 |       0 |   0.0
            +---------+---------+-------+---------+---------+-------
